 Dungeon Crawl Stone Soup version 0.31.0-11-ge490571c62 (webtiles) character file.

Game seed: 10361746613438499715

392 qw the Skirmisher (level 6, 0/35 HPs)
             Began as a Deep Elf Hunter on Feb 5, 2024.
             Slain by a goblin
             ... wielding a +0 club
             ... led by Robin
              (1 damage)
             ... on level 4 of the Dungeon.
             The game lasted 00:01:32 (2689 turns).

qw the Skirmisher (Deep Elf Hunter)                 Turns: 2689, Time: 00:01:33

Health: 0/35       AC:  7    Str: 10    XL:     6   Next: 51%
Magic:  8/8        EV:  9    Int: 14    God:
Gold:   201        SH:  0    Dex: 18    Spells: 5/5 levels left

rFire   . . .        a - +2 shortbow
rCold   . . .        (shield currently unavailable)
rNeg    . . .        f - +0 scale mail
rPois   .            (no helmet)
rElec   .            (no cloak)
rCorr   .            e - +0 pair of gloves
SInv    +            (no boots)
Will    +....        (no amulet)
Stlth   +            i - ring of willpower
HPRegen 0.25/turn    n - ring of see invisible
MPRegen 0.11/turn

%: no passive effects
@: no status effects
A: no striking features
a: no special abilities


You were on level 4 of the Dungeon.
You visited 1 branch of the dungeon, and saw 4 of its levels.

You collected 201 gold pieces.


   Skills:
 - Level 2.0 Fighting
 + Level 9.8 Ranged Weapons
 - Level 1.2 Armour
 - Level 2.4 Dodging
 - Level 1.2 Stealth


You had 5 spell levels left.
You didn't know any spells.
Your spell library was empty.

Inventory:

Hand Weapons
 a - a +2 shortbow (weapon)
Armour
 e - a +0 pair of gloves (worn)
 f - a +0 scale mail (worn)
Jewellery
 i - a ring of willpower (left hand)
 n - a ring of see invisible (right hand)
Potions
 j - a potion of might
 l - a potion of curing {unknown}

Dungeon Overview and Level Annotations

Branches:
Dungeon (4/15)
 Temple: D:4-7

Altars:


Message History

The hobgoblin hits you but does no damage.
The endoplasm freezes you.
You are frozen.
The goblin hits you with a +0 dagger. The endoplasm freezes you.
You are frozen.
A goblin comes into view. It is wielding a +0 club.
The hobgoblin barely misses you.
The hobgoblin hits you but does no damage.
The goblin barely misses you.
You shoot an arrow. The arrow hits the goblin.
You kill the goblin!
The hobgoblin hits you.
The hobgoblin hits you but does no damage.
The endoplasm barely misses you.
You shoot an arrow. The arrow hits the hobgoblin.
The hobgoblin is severely wounded.
The hobgoblin hits you but does no damage. x2
The hobgoblin barely misses you. The endoplasm completely misses you.
You shoot an arrow. The arrow hits the hobgoblin.
You kill the hobgoblin!
The hobgoblin hits you but does no damage.
The endoplasm freezes you.
You are frozen.
The hobgoblin barely misses you.
You shoot an arrow. The arrow closely misses the goblin.
The arrow barely misses the goblin.
The arrow hits the goblin.
The goblin is moderately wounded.
The goblin closely misses you.
The hobgoblin hits you but does no damage.
The endoplasm hits you. The hobgoblin closely misses you.
You shoot an arrow. The arrow barely misses the goblin.
The arrow hits the goblin!
You kill the goblin!
The goblin hits you but does no damage.
The hobgoblin hits you but does no damage. x2
The endoplasm freezes you.
You are frozen.
The endoplasm freezes you.
You are frozen.
The hobgoblin closely misses you. The hobgoblin barely misses you.
The goblin hits you with a +0 club.
You die...

............#########
...%........#
...........<######
.................#
.................#
.?......##.......#
........##.......#
......g.##.......#
.....Sg@##.......#
......Jg###.######
......gg# #.#
........# ..
......... .........
......... ..........


You could see an adder, an endoplasm, 2 hobgoblins and 3 goblins.

Vanquished Creatures
  Sigmund (D:4)
  A howler monkey (D:4)
  A jelly (D:4)
  Terence (D:2)
  5 adders
  A ribbon worm (D:2)
  A dart slug (D:1)
  5 orcs
  9 bats
  7 endoplasms
  4 giant cockroaches
  9 goblins
  11 hobgoblins
  3 jackals (D:1)
  12 kobolds
  3 quokkas (D:2)
  5 ball pythons
  5 frilled lizards
  5 rats
89 creatures vanquished.

Notes
Turn   | Place    | Note
-------+----------+-------------------------------------------
     0 | D:1      | qw the Deep Elf Hunter began the quest for the Orb.
     0 | D:1      | Reached XP level 1. HP: 12/12 MP: 3/3
     0 | D:1      | 0 ||| qw: Version: 0.3-a-160-g6735b56
     0 | D:1      | 0 ||| qw: Game counter: 6291
     0 | D:1      | 0 ||| qw: Melee chars always use a shield: true
     0 | D:1      | 0 ||| qw: God list: Okawaru
     0 | D:1      | 0 ||| qw: Allow faded altars: false
     0 | D:1      | 0 ||| qw: Do Orc after clearing Dungeon:15 true
     0 | D:1      | 0 ||| qw: Do second Lair branch before Depths: true
     0 | D:1      | 0 ||| qw: Lair rune preference: random
     0 | D:1      | 0 ||| qw: Goals: Normal
     0 | D:1      | 0 ||| PLANNING D:1-11
   196 | D:1      | Reached skill level 6 in Ranged Weapons
   196 | D:1      | Reached XP level 2. HP: 16/16 MP: 4/4
   715 | D:1      | Reached XP level 3. HP: 20/20 MP: 5/5
   860 | D:1      | 860 ||| UPGRADING to +0 pair of gloves.
   865 | D:1      | 865 ||| UPGRADING to ring of willpower.
   866 | D:1      | 866 ||| UPGRADING to ring of see invisible.
   867 | D:1      | 867 ||| READING scroll labelled YPPUEH JUECU.
   868 | D:1      | 868 ||| READING scroll labelled EZEIXAA MUESCH.
   869 | D:1      | 869 ||| READING scroll labelled JEIWKESHRAC.
   869 | D:1      | 869 ||| ENCHANTING +0 shortbow.
   870 | D:1      | 870 ||| READING scroll labelled ZINIOC LEZOOD.
   870 | D:1      | 870 ||| IDENTIFYING fizzy puce potion
   871 | D:1      | 871 ||| READING 3 scrolls labelled TUNUF PAFRI.
   872 | D:1      | 872 ||| DRINKING 2 cyan potions.
   873 | D:1      | 873 ||| DROPPING scroll of butterflies.
   874 | D:1      | 874 ||| DROPPING potion of degeneration.
   875 | D:1      | 875 ||| DROPPING 2 scrolls of fear.
  1047 | D:2      | Reached skill level 7 in Ranged Weapons
  1131 | D:2      | Noticed Terence
  1145 | D:2      | HP: 5/20 [Terence/+0 flail (2)]
  1146 | D:2      | 1146 ||| DRINKING potion of heal wounds.
  1155 | D:2      | HP: 3/20 [Terence/+0 flail (4)]
  1156 | D:2      | Killed Terence
  1157 | D:2      | Reached XP level 4. HP: 3/25 MP: 6/6
  1573 | D:2      | 1573 ||| UPGRADING to +0 scale mail.
  1583 | D:2      | 1583 ||| DROPPING +0 leather armour.
  1584 | D:2      | 1584 ||| READING scroll of identify.
  1584 | D:2      | 1584 ||| IDENTIFYING brown potion
  1585 | D:2      | 1585 ||| READING scroll labelled RIEREZ PYVURU.
  1686 | D:2      | 1686 ||| DRINKING 2 glowing green potions.
  1697 | D:3      | 1697 ||| STAIRDANCE
  1762 | D:3      | Reached skill level 8 in Ranged Weapons
  1822 | D:3      | Found a faded altar of an unknown god.
  1822 | D:3      | Noticed a shadow demon
  1871 | D:3      | 1871 ||| READING scroll of enchant weapon.
  1871 | D:3      | 1871 ||| ENCHANTING +1 shortbow.
  2101 | D:3      | Reached XP level 5. HP: 29/29 MP: 7/7
  2316 | D:3      | 2316 ||| READING scroll of identify.
  2316 | D:3      | 2316 ||| IDENTIFYING smoky clear potion
  2317 | D:3      | 2317 ||| DROPPING potion of berserk rage.
  2321 | D:4      | Noticed Sigmund
  2322 | D:4      | 2322 ||| DRINKING potion of haste.
  2326 | D:4      | 2326 ||| STAIRDANCE
  2361 | D:4      | 2361 ||| STAIRDANCE
  2394 | D:4      | Killed Sigmund
  2395 | D:4      | Reached skill level 9 in Ranged Weapons
  2395 | D:4      | Reached XP level 6. HP: 34/34 MP: 8/8
  2509 | D:4      | Reached skill level 1 in Armour
  2677 | D:4      | HP: 8/35 [hobgoblin[Robin] (3)]
  2678 | D:4      | 2678 ||| DRINKING potion of heal wounds.
  2685 | D:4      | HP: 6/35 [hobgoblin (4)]
  2689 | D:4      | HP: 2/35 [frozen (2)]
  2689 | D:4      | Slain by a goblin

Levels and vault maps discovered:
D:1:      dpeg_arrival_oval, layout_basic
D:2:      layout_basic, uniq_terence
D:3:      layout_loops_ring, dreamdust_ecumenical_altar_sealed_demon,
          patterned_corridor
D:4:      layout_basic, uniq_robin, uniq_sigmund

Skill      XL: |  1  2  3  4  5  6 |
---------------+-------------------+-----
Ranged Weapons | 6 7 8 9 |  9.8
Armour         | 1 |  1.2
Fighting       | 2 |  2.0
Dodging        | |  2.4
Stealth        | |  1.2

Action                     |  1- 3 |  4- 6 || total
---------------------------+-------+-------++-------
   Fire: Shortbow          |   113 |   141 ||   254
    Use: Scroll            |     5 |     4 ||     9
         Potion            |     2 |     3 ||     5
 Armour: Leather armour    |    34 |     5 ||    39
         Scale mail        |       |    61 ||    61
  Dodge: Dodged            |    56 |    42 ||    98

Table legend:
 A = Non-vault XP
 B = Vault XP
 C = Vault XP percentage of total XP
 D = Non-vault monster count
 E = Vault monster count
 F = Vault count percentage of total count
                 A         B        C        D         E       F
            +---------+---------+-------+---------+---------+-------
      Total |     295 |     268 |  47.6 |      79 |      10 |  11.2
            +---------+---------+-------+---------+---------+-------
        D:1 |      50 |       0 |   0.0 |      31 |       0 |   0.0
        D:2 |      55 |      38 |  40.9 |      24 |       1 |   4.0
        D:3 |      68 |       0 |   0.0 |      17 |       0 |   0.0
        D:4 |     122 |     230 |  65.3 |       7 |       9 |  56.2
            +---------+---------+-------+---------+---------+-------
